AoeStats
← 大明湖畔

Arabia

510214536Analyzed
1v1 RM · 3d ago on Sep 30, 2026· 45m 46s· 2 players
Game mode
Random Map
Map size
Tiny (2 player)
Population
200
Speed
Normal
Resources
Standard
Victory
Conquest
Starting age
Dark Age
Ending age
Imperial Age
RankedLock teamsTeams togetherTeam positionsShared explorationLock speedFull tech treeHidden civsTurbo modeCheats
Victory
Defeat
🇦🇺 Britons · Australia
1126
+16
🇧🇪 Malians · Belgium
1128
-16
大明湖畔
9:44 Feudal Age
13:36 Castle Age
13:03 Scale Mail Armor
14:23 Double-Bit Axe
15:40 Bow Saw
18:38 Horse Collar
22:18 Heavy Plow
24:57 Wheelbarrow
24:35 Gold Mining
24:45 Crossbowman
26:10 Fletching
27:35 Bodkin Arrow
27:41 Padded Archer Armor
29:41 Hand Cart
29:14 Loom
32:02 Imperial Age
29:20 Loom
29:22 Town Watch
31:00 Leather Archer Armor
33:31 Ballistics
34:12 Chemistry
32:48 Arbalester
34:23 Yeomen
35:55 Bracer
36:47 Gold Shaft Mining
38:15 Capped Ram
39:32 Warwolf
39:52 Conscription
papatheocari
2:42 Loom
10:43 Feudal Age
11:01 Man-at-Arms
15:23 Horse Collar
16:56 Double-Bit Axe
21:58 Castle Age
20:25 Padded Archer Armor
21:01 Scale Mail Armor
21:36 Arson
22:03 Forging
22:03 Elite Skirmisher
22:07 Long Swordsman
23:05 Chain Mail Armor
26:53 Heavy Plow
28:26 Fletching
36:11 Ballistics
40:10 Imperial Age
39:00 Wheelbarrow
39:40 Bodkin Arrow
40:30 Two-Handed Swordsman
41:53 Plate Mail Armor
43:59 Leather Archer Armor
Connection lost

Rejoining the realm…

Still unreachable

The connection could not be restored.

Session expired

The server has moved on; the page needs a fresh start.